Map: Artillería pesada EE

Players

Selk

  • Race: Terran Terran
  • League: Diamond
  • Spawn Location: 1:00

TioVale

  • Race: Terran Terran
  • Spawn Location: 3:00

MrFercho - Winner!

  • Race: Zerg Zerg
  • League: Gold
  • Spawn Location: 7:00

TATORREA - Winner!

  • Race: Protoss Protoss
  • League: Gold
  • Spawn Location: 7:00

VOD

Have the link to the VOD?

Description

Time

  • Played on: July 27, 2020, 8:04 p.m.
  • Length: 8:51
Show
View Real Time Build Order
Export as new Build Order

Selk Terran 

Build Orders: Mech 

Get SALT Encoding   

  12  0:00  SCV  
  13  0:22  SCV  
  13  0:26  Supply Depot  
  14  0:35  SCV  
  15  0:50  Barracks  
  15  0:55  SCV  
  16  1:09  SCV  
  17  1:13  Refinery  
  17  1:21  SCV  
  18  1:40  Supply Depot  
  18  1:43  Orbital Command  
  18  1:46  Marine  
  19  2:10  Marine  
  19  2:12  Command Center  
  20  2:19  SCV  
  21  2:31  SCV  
  22  2:39  Marine  
  22  2:43  SCV  
  24  2:56  SCV  
  26  3:04  Barracks Tech Lab  
  25  3:15  SCV  
  26  3:20  Factory  
  26  3:24  Refinery  
  26  3:27  SCV  
  26  3:31  SCV  
  28  3:39  SCV  
  29  3:48  SCV  
  30  3:50  Marauder  
  30  3:51  SCV  
  33  4:02  Orbital Command  
  33  4:03  SCV  
  33  4:07  Engineering Bay  
  33  4:08  Starport  
  33  4:09  Factory Tech Lab  
  34  4:14  Marine  
  34  4:15  SCV  
  36  4:31  Marine  
  37  4:54  Supply Depot  
  37  5:01  Supply Depot  
  37  5:02  Marine  
  37  5:05  SCV x2  
  37  5:06  Liberator  
  43  5:08  Siege Tank  
  43  5:11  Missile Turret  
  46  5:22  SCV x2  
  48  5:30  Command Center  
  48  5:34  SCV  
  49  5:37  Factory  
  49  5:41  Hellion  
  51  5:50  SCV x2  
  53  6:02  SCV  
  54  6:11  Refinery  
  54  6:12  Refinery  
  54  6:28  Factory  
  54  6:30  Factory Reactor  
  54  6:36  Supply Depot x2  
  54  6:40  Supply Depot  
  54  6:42  SCV x2  
  56  6:51  SCV  
  57  7:08  Hellion x3  
  50  7:25  Hellion  
  50  7:29  Hellion  
Show
View Real Time Build Order
Export as new Build Order

TioVale Terran 

Build Orders: Reaper Expand 

Get SALT Encoding   

  12  0:09  SCV  
  13  0:36  SCV, Supply Depot  
  13  0:40  Refinery  
  14  0:48  SCV  
  15  1:03  Barracks  
  15  1:17  SCV  
  16  1:29  SCV  
  17  1:41  SCV  
  18  2:01  Reaper, Command Center  
  19  2:08  SCV  
  20  2:20  SCV  
  21  2:30  Engineering Bay  
  21  2:32  SCV  
  22  2:42  Factory  
  22  3:06  Refinery  
  21  3:59  SCV  
  22  4:03  Factory Tech Lab  
  22  4:10  Armory  
  22  4:11  SCV  
  23  4:23  SCV, Starport  
  25  4:35  Barracks Reactor  
  24  4:51  Marine  
  25  4:55  SCV  
  26  5:01  Refinery  
  26  5:07  SCV  
  26  5:09  Marine  
  28  5:18  Thor  
  28  5:19  SCV  
  35  5:25  Refinery  
  35  5:27  Marine  
  36  5:31  SCV x2  
  38  6:04  Starport Tech Lab  
  38  6:38  Supply Depot  
  38  6:40  Supply Depot x2  
  38  6:44  Supply Depot  
  38  6:48  Orbital Command  
  38  7:01  Marine  
  38  7:02  SCV  
  38  7:04  Supply Depot  
  38  7:05  Supply Depot  
  38  7:07  Supply Depot  
  43  7:14  SCV  
  35  7:19  Raven  
  20  7:26  SCV  
  20  7:38  SCV  
  7  7:50  SCV  
  7  8:01  Raven  
Show
View Real Time Build Order
Export as new Build Order

MrFercho Zerg - Winner!

Build Orders: Hatch First 

Get SALT Encoding   

  12  0:04  Drone  
  13  0:15  Overlord  
  13  0:16  Drone  
  14  0:33  Drone x2  
  16  0:50  Hatchery  
  16  0:55  Drone  
  16  0:56  Drone  
  17  1:00  Drone  
  18  1:09  Extractor  
  17  1:16  Spawning Pool  
  16  1:19  Drone  
  16  1:22  Drone  
  18  1:31  Drone  
  19  1:44  Drone  
  20  1:55  Overlord  
  20  2:04  Queen x2  
  20  2:06  Drone x2  
  26  2:14  Drone  
  27  2:16  Drone  
  28  2:35  Zergling x4  
  30  2:44  Queen  
  30  2:47  Lair  
  32  2:53  Metabolic Boost  
  32  2:55  Drone x4  
  36  3:34  Overlord x4  
  36  3:57  Drone x10  
  36  3:59  Hatchery  
  45  4:10  Baneling Nest  
  45  4:11  Drone x2  
  45  4:14  Evolution Chamber  
  45  4:22  Overlord x2  
  45  4:23  Zergling x2, Overlord  
  45  4:24  Zergling x6  
  49  4:42  Hydralisk Den  
  49  4:43  Zergling x12  
  54  5:02  Centrifical Hooks  
  54  5:10  Zergling x20  
  64  5:18  Queen  
  64  5:21  Zerg Melee Weapons Level 1  
  66  5:22  Zergling x8  
  70  5:35  Zergling x10  
  75  5:55  Zergling x16  
  83  6:08  Overlord  
  83  6:09  Overlord  
  83  6:10  Zergling x2  
  83  6:11  Zergling x6  
  87  6:17  Zergling x2  
  88  6:22  Baneling  
  88  6:23  Baneling x5  
  88  6:25  Baneling  
  88  6:28  Zergling x6  
  91  6:48  Zergling x2  
  91  6:49  Zergling x12  
  85  7:09  Zergling x14  
  90  7:28  Zergling x12  
  95  7:43  Zergling x14  
Show
View Real Time Build Order
Export as new Build Order

TATORREA Protoss - Winner!

Build Orders:  

Get SALT Encoding   

  12  0:05  Probe  
  13  0:17  Probe  
  14  0:29  Pylon  
  14  0:35  Probe  
  15  0:53  Probe  
  16  1:06  Probe  
  16  1:18  Gateway  
  16  1:21  Probe  
  16  1:22  Nexus  
  17  1:33  Probe (Chrono Boost)  
  17  1:35  Assimilator  
  17  1:39  Pylon  
  18  1:45  Probe (Chrono Boost)  
  19  1:52  Probe (Chrono Boost)  
  20  1:56  Assimilator  
  20  1:59  Probe  
  21  2:34  Cybernetics Core, Probe (Chrono Boost)  
  21  2:35  Gateway  
  22  2:39  Probe (Chrono Boost)  
  23  2:46  Probe (Chrono Boost)  
  23  2:47  Gateway  
  23  2:49  Gateway  
  23  2:51  Probe (Chrono Boost)  
  25  2:54  Probe (Chrono Boost)  
  25  2:56  Probe (Chrono Boost)  
  27  3:00  Probe, Pylon  
  27  3:04  Probe  
  29  3:12  Probe  
  30  3:17  Probe  
  30  3:18  Warp Gate  
  30  3:19  Stalker  
  33  3:22  Stalker  
  33  3:24  Probe  
  36  3:29  Probe  
  37  3:36  Probe  
  37  3:37  Twilight Council  
  37  3:41  Probe  
  39  3:46  Zealot  
  39  3:48  Zealot  
  43  3:49  Probe  
  43  3:53  Probe  
  45  4:01  Probe  
  46  4:04  Assimilator  
  46  4:05  Probe  
  46  4:06  Assimilator  
  46  4:09  Charge (Chrono Boost)  
  47  4:11  Pylon, Robotics Facility  
  47  4:14  Pylon  
  47  4:21  Zealot  
  47  4:23  Zealot  
  51  4:26  Zealot  
  51  4:30  Zealot  
  55  4:32  Probe  
  56  4:41  Probe  
  57  4:56  Forge  
  57  4:58  Stargate  
  57  5:00  Warp Prism, Stargate  
  59  5:13  Probe  
  59  5:14  Probe  
  61  5:19  Zealot  
  61  5:20  Zealot x2  
  67  5:21  Zealot  
  67  5:26  Probe, Protoss Ground Weapons Level 1 (Chrono Boost)  
  70  5:49  Pylon  
  70  5:52  Pylon  
  70  6:00  Pylon  
  70  6:07  Void Ray, Immortal  
  70  6:10  Void Ray, Probe  
  70  6:11  Pylon  
  83  6:30  Nexus  
  83  6:33  Pylon  
  83  6:36  Pylon  
  83  6:38  Probe x2  
  85  6:50  Probe x2  
  87  7:11  Zealot x4  
  95  7:33  Stalker x4  
Tags
 
Add a new tag
Caveats
  • Supply blocks, unpowered buildings, or Contaminate may cause inaccurate times.
  • Supply counts are checked every 10 seconds.